 Dungeon Crawl Stone Soup version 0.17.2-1-ge4368a0 (webtiles) character file.

140 Goblin1989 the Bolt Thrower (level 5, -2/38 HPs)
             Began as a Demonspawn Hunter on Oct 23, 2016.
             Shot with an arrow of flame by a centaur (3 damage)
             ... on level 6 of the Dungeon.
             The game lasted 00:12:10 (1930 turns).

Goblin1989 the Bolt Thrower (Demonspawn Hunter)     Turns: 1930, Time: 00:12:12

Health: -2/38      AC:  6    Str: 14      XL:     5   Next: 2%
Magic:  5/5        EV: 10    Int: 14      God:
Gold:   80         SH:  4    Dex:  9 (13) Spells: 0 memorised, 4 levels left

rFire  . . .     SeeInvis .     b - +0 hand axe
rCold  . . .     Clarity  .     p - +0 ring mail
rNeg   . . .     SustAt   .     s - +2 buckler
rPois  .         Gourm    .     u - +0 helmet (curse)
rElec  +         Spirit   .     (no cloak)
rCorr  .         Warding  .     (no gloves)
rMut   .         Stasis   .     (no boots)
MR     +....                    r - amulet of regeneration
Stlth  +.........               (no ring)
                                (no ring)

@: very slightly contaminated, somewhat resistant to hostile enchantments, very
unstealthy
A: talons 1, clever 1, magic resistance 1, powered by death 2, electricity
resistance
a: no special abilities


You were on level 6 of the Dungeon.
You were hungry.

You visited 1 branch of the dungeon, and saw 5 of its levels.

You collected 80 gold pieces.

Inventory:

Hand Weapons
 a - a +1 hand crossbow
 b - a +0 hand axe (weapon)
Missiles
 d - 39 bolts
Armour
 p - a +0 ring mail (worn)
 s - a +2 buckler (worn)
 u - a cursed +0 helmet (worn)
 x - a +2 pair of boots
Jewellery
 r - an amulet of regeneration (around neck)
Scrolls
 g - 2 scrolls of amnesia {unknown}
 h - 3 scrolls of identify {unknown}
 j - a scroll of enchant armour {unknown}
 k - 2 scrolls of teleportation {unknown}
 l - a scroll of noise {unknown}
 v - 3 scrolls of magic mapping {unknown}
 w - 2 scrolls of remove curse {unknown}
Potions
 o - a potion of curing {@q1}
Comestibles
 e - 2 bread rations {@e1}
 f - 6 fruits


   Skills:
 - Level 2.0 Fighting
 + Level 3.5 Axes
 - Level 4.3 Crossbows
 - Level 1.7 Dodging
 - Level 0.8 Stealth


You had 4 spell levels left.
You didn't know any spells.

Dungeon Overview and Level Annotations

Branches:
Dungeon (6/15)
 Temple: D:4-7

Altars:

Annotations:
D:3 Terence


Innate Abilities, Weirdness & Mutations

You have sharp toenails.
You regenerate health from kills.
Your mind is acute. (Int +2)
You are resistant to hostile enchantments.
You are resistant to electric shocks.


Message History

You take 7 damage, and have 8/38 hp.
Drink which item? (? for menu, Esc to quit)
It was a potion of mutation.
You feel extremely strange.
You feel resistant to hostile enchantments.
You feel insulated.
You feel clever. The orc warrior closely misses you.
Read which item? (? for menu, Esc to quit)
Blink to where?
Press: ? - help, Dir - move target cursor
As you read the scroll labeled ASTEGR WUFANG, it crumbles to dust.
It was a scroll of blinking.
The centaur shoots an arrow.
The arrow barely misses you.
The centaur shoots an arrow of flame.
The arrow of flame hits you but does no damage.
The arrow of flame burns you.
* * * LOW HITPOINT WARNING * * *
The centaur shoots an arrow of flame.
The arrow of flame hits you!
* * * LOW HITPOINT WARNING * * *
The arrow of flame burns you.
You die...

█...................█
...............o....█
█............(.....█
█.........(........█
█.....██..█████▲████
█.....██.(█████.█
█.....██.oo.....█
█..(cc.███████


█@██████ █.█ █.█ █.█ ..█ ███ You could see an orc warrior, 2 centaurs and an
orc.

Vanquished Creatures
  Natasha (D:2)
  A worker ant (D:4)
  Robin (D:2)
  3 adders (D:2)
  An ooze (D:2)
  A giant gecko (D:1)
  2 giant cockroaches
  6 hobgoblins
  4 bats
  4 giant newts
  10 goblins (D:1)
  4 jackals
  5 kobolds
  7 rats
50 creatures vanquished.

Notes
Turn   | Place    | Note
--------------------------------------------------------------
     0 | D:1      | Goblin1989 the Demonspawn Hunter began the quest for the Orb.
     0 | D:1      | Reached XP level 1. HP: 16/16 MP: 1/1
     6 | D:1      | Noticed an electric eel
   160 | D:1      | Reached skill level 4 in Crossbows
   261 | D:1      | Gained mutation: You have sharp toenails. [demonic ancestry]
   261 | D:1      | Reached XP level 2. HP: 22/22 MP: 2/2
  1076 | D:2      | Reached skill level 1 in Axes
  1076 | D:2      | Reached XP level 3. HP: 25/27 MP: 3/3
  1140 | D:2      | Noticed Natasha
  1146 | D:2      | Killed Natasha
  1146 | D:2      | Gained mutation: You regenerate a little health from kills. [demonic ancestry]
  1146 | D:2      | Reached XP level 4. HP: 22/33 MP: 4/4
  1188 | D:2      | Noticed Robin
  1268 | D:2      | Killed Robin
  1739 | D:3      | Noticed Terence
  1815 | D:4      | Gained mutation: You regenerate health from kills. [demonic ancestry]
  1815 | D:4      | Reached XP level 5. HP: 12/38 MP: 5/5
  1890 | D:4      | You fall through a shaft for 2 floors!
  1890 | D:6      | Noticed an orc warrior
  1911 | D:6      | Noticed an ogre
  1917 | D:6      | Noticed a centaur
  1920 | D:6      | Noticed a centaur
  1927 | D:6      | Gained mutation: You are resistant to hostile enchantments. [potion of mutation]
  1927 | D:6      | Gained mutation: You are resistant to electric shocks. [potion of mutation]
  1927 | D:6      | Gained mutation: Your mind is acute. (Int +2) [potion of mutation]
  1930 | D:6      | HP: 1/38 [centaur/arrow of flame (10)]
  1930 | D:6      | Shot with an arrow of flame by a centaur

Action                   |  1- 3 |  4- 6 || total
-------------------------+-------+-------++-------
Melee: Hand axe          |     5 |   102 ||   107
 Fire: Hand crossbow     |    61 |    10 ||    71
  Use: Potion            |       |     6 ||     6
       Scroll            |       |     1 ||     1
 Stab: Invisible         |       |     1 ||     1
  Eat: Chunk             |       |     3 ||     3

Vault maps used:
D:1:      arrival_aquarium_a
D:2:      uniq_robin, uniq_natasha
D:3:      minmay_door_path, minmay_misc_feat_doors, uniq_sigmund,
          uniq_crazy_yiuf_cottage, uniq_terence
D:4:      lemuel_coloured_pillars_altar, grunt_temple_overflow_open, first_bread
D:6:      kennysheep_mini, serial_shops, nicolae_shop_stone, enter_ossuary_5,
          uniq_grinder, uniq_edmund
